 Dungeon Crawl Stone Soup version 0.23-a0-14-g8c9a20f (webtiles) character file.

3560 jjfam the Cleaver (level 9, -14/82 HPs)
             Began as a Deep Dwarf Fighter on Aug 2, 2018.
             Demolished by eyesofgods1's ghost (15 damage)
             ... on level 7 of the Dungeon.
             The game lasted 00:27:42 (5454 turns).

jjfam the Cleaver (Deep Dwarf Fighter)              Turns: 5454, Time: 00:27:43

Health: -14/82     AC:  6    Str: 23    XL:     9   Next: 83%
Magic:  0/0        EV: 11    Int:  8    God:
Gold:   297        SH: 18    Dex: 13    Spells: 8/8 levels left

rFire    . . .     SeeInvis .   a - +1 war axe
rCold    . . .     Gourm    .   A - +1 large shield
rNeg     . . .     Faith    .   o - +3 leather armour
rPois    .         Spirit   .   (no helmet)
rElec    .         Reflect  .   (no cloak)
rCorr    .         Harm     .   (no gloves)
MR       +....                  (no boots)
Stlth    ++........             (no amulet)
HPRegen  0.00/turn              (no ring)
MPRegen  0.07/turn              (no ring)

@: non-regenerating, drained
A: damage resistance, heal wounds, sense surroundings 2, no regeneration
a: Heal Wounds


You were on level 7 of the Dungeon.
You were hungry.

You visited 1 branch of the dungeon, and saw 7 of its levels.

You collected 297 gold pieces.

Inventory:

Hand Weapons
 a - a +1 war axe (weapon)
 u - a +0 battleaxe
Armour
 b - a +0 scale mail
 c - a +0 shield
 o - a +3 leather armour (worn)
 y - +0 steam dragon scales
 A - a +1 large shield (worn)
Wands
 z - a wand of flame (22)
Scrolls
 h - 2 scrolls of fog
 i - 5 scrolls of identify
 k - 4 scrolls of enchant armour
 l - 3 scrolls of teleportation
 n - 3 scrolls of amnesia
 q - 2 scrolls of remove curse
 x - 2 scrolls of enchant weapon
Potions
 d - 2 potions of might
 e - a potion of haste {unknown}
 g - 3 potions of degeneration {unknown}
 j - a potion of resistance {unknown}
 m - 3 potions of lignification
 p - 3 potions of brilliance {unknown}
 r - 3 potions of curing
 s - 5 potions of heal wounds {unknown}
 v - 4 potions of flight {unknown}
 w - a potion of mutation {unknown}
 B - a potion of ambrosia {unknown}
 C - a potion of cancellation {unknown}
Comestibles
 f - 16 rations


   Skills:
 + Level 5.7(5.6) Fighting
 + Level 10.1 Axes
 + Level 4.7 Armour
 + Level 4.9(4.8) Dodging
 + Level 2.9 Stealth
 + Level 8.3(8.2) Shields


You had 8 spell levels left.
You didn't know any spells.
Your spell library was empty.

Dungeon Overview and Level Annotations

Branches:
Dungeon (7/15)             Temple (0/1) D:6

Altars:
Fedhas
Hepliaklqana
Nemelex Xobeh
Sif Muna
Trog
Yredelemnul
Zin
The Shining One

Shops:
D:7 =

Annotations:
D:5 1 runed door, Torious's ghost, novice DECj
D:7 1 transporter, eyesofgods1's ghost, novice FeMo


Innate Abilities, Weirdness & Mutations

You are resistant to damage.
You can heal yourself by infusing magical energy.
You passively map the area around you.
You do not regenerate.


Message History

You miss eyesofgods1's ghost.
Eyesofgods1's ghost is heavily damaged.
You block eyesofgods1's ghost's attack.
You closely miss eyesofgods1's ghost.
Eyesofgods1's ghost is heavily damaged.
You are feeling hungry.
You block eyesofgods1's ghost's attack.
You miss eyesofgods1's ghost.
Eyesofgods1's ghost is heavily damaged.
Eyesofgods1's ghost hits you!
* * * LOW HITPOINT WARNING * * *
You completely miss eyesofgods1's ghost.
Eyesofgods1's ghost is heavily damaged.
Eyesofgods1's ghost hits you!!
* * * LOW HITPOINT WARNING * * *
Your shield prevents you from hitting eyesofgods1's ghost.
Eyesofgods1's ghost is heavily damaged.
Eyesofgods1's ghost says, "I shall send you to the shadows!"
Eyesofgods1's ghost hits you!
You die...

...................##.........#.#
...............###.##.##......#.#
######...##.########..........#.#
#...##.#©.....#...########.#
#...##.#.#..#.#..[### #..
#>..##.#..##..#.....# ######
#<..##.#..##..#.#...# #.....
######...#.©#.#).#.####..########
............#!.W@.©# ##..##....)
.######....©#?#).#.####.#..#.....
.####.......#..##..#.#.#######'##
...##.......#..##..##.## #.....
............#.#..#.#### #.....
............#......# ######
##.#.##...#.########
##.......##<##....#
...#.##.###.##.##.#


You could see eyesofgods1's ghost.

Vanquished Creatures
  A hippogriff (D:7)
  A yak (D:7)
  3 hogs (D:7)
  A human (D:7)
  2 steam dragons (D:7)
  A water moccasin (D:7)
  Duvessa (D:4)
  2 black bears
  An orc warrior (D:7)
  4 ogres
  A centaur (D:6)
  Blork the orc (D:6)
  2 bullfrogs
  Dowan (D:4)
  A scorpion (D:4)
  9 wights
  2 crimson imps
  A bullfrog zombie (D:5)
  5 orc wizards
  2 orc priests (D:7)
  2 bullfrog skeletons (D:5)
  6 hounds
  3 iguanas
  4 worker ants
  A killer bee zombie (D:7)
  A hound zombie (D:5)
  A howler monkey zombie (D:6)
  3 gnolls (D:5)
  A howler monkey skeleton (D:7)
  8 adders
  3 shadow imps
  An ooze (D:4)
  2 worms (D:3)
  A dart slug (D:2)
  A leopard gecko (D:1)
  12 orcs
  3 ball pythons
  6 bats
  5 giant cockroaches
  5 goblins
  7 hobgoblins
  2 quokkas (D:7)
  2 frilled lizards (D:3)
  A giant cockroach zombie (D:5)
  A kobold (D:1)
  2 quokka skeletons
  7 rats
  2 fungi (D:7)
135 creatures vanquished.

Vanquished Creatures (others)
  2 fungi (D:7)
2 creatures vanquished.

Grand Total: 137 creatures vanquished

Notes
Turn   | Place    | Note
-------+----------+-------------------------------------------
     0 | D:1      | jjfam the Deep Dwarf Fighter began the quest for the Orb.
     0 | D:1      | Reached XP level 1. HP: 20/20 MP: 1/1
   107 | D:1      | Reached XP level 2. HP: 18/27 MP: 2/2
  1015 | D:2      | Reached XP level 3. HP: 31/34 MP: 3/3
  1591 | D:3      | Reached skill level 3 in Axes
  1597 | D:3      | Reached skill level 1 in Dodging
  1597 | D:3      | Reached XP level 4. HP: 33/42 MP: 4/4
  2096 | D:4      | Reached skill level 4 in Axes
  2096 | D:4      | Reached XP level 5. HP: 27/49 MP: 4/4
  2139 | D:4      | Found a glowing golden altar of the Shining One.
  2162 | D:4      | Found a sparkling altar of Nemelex Xobeh.
  2169 | D:4      | Noticed Dowan
  2179 | D:4      | Killed Dowan
  2179 | D:4      | Reached skill level 5 in Axes
  2179 | D:4      | Reached XP level 6. HP: 38/56 MP: 5/5
  2378 | D:4      | Noticed Duvessa
  2396 | D:4      | Killed Duvessa
  2396 | D:4      | Reached skill level 1 in Stealth
  2599 | D:4      | Reached skill level 6 in Axes
  2647 | D:4      | Reached XP level 7. HP: 46/63 MP: 4/4
  2873 | D:5      | Entered Level 5 of the Dungeon
  3168 | D:5      | Reached skill level 5 in Shields
  3365 | D:5      | Found a runed door.
  3366 | D:5      | Noticed Torious's ghost (novice DECj)
  3392 | D:6      | Found a staircase to the Ecumenical Temple.
  3455 | D:6      | Reached skill level 7 in Axes
  3455 | D:6      | Reached XP level 8. HP: 61/72 MP: 3/3
  3742 | D:6      | Reached skill level 8 in Axes
  4333 | D:6      | Noticed Blork the orc
  4347 | D:6      | Killed Blork the orc
  4390 | D:7      | Found a transporter.
  4446 | D:7      | Found a transporter.
  4449 | D:7      | Noticed eyesofgods1's ghost (novice FeMo)
  4599 | D:7      | Found a basalt altar of Yredelemnul.
  4625 | D:7      | Found a blossoming altar of Fedhas.
  4626 | D:7      | Found a glowing silver altar of Zin.
  4634 | D:7      | Gained mutation: You passively map the area around you. [Deep Dwarf growth]
  4634 | D:7      | Reached XP level 9. HP: 20/80 MP: 3/3
  4635 | D:7      | HP: 2/80 [orc warrior/halberd (18)]
  4668 | D:7      | Reached skill level 9 in Axes
  4669 | D:7      | Found a deep blue altar of Sif Muna.
  4670 | D:7      | Found a hazy altar of Hepliaklqana.
  4694 | D:7      | Found a bloodstained altar of Trog.
  4751 | D:7      | Found Ticzess's Jewellery Boutique.
  4913 | D:7      | Reached skill level 5 in Fighting
  5313 | D:7      | Reached skill level 10 in Axes
  5429 | D:7      | HP: 1/82 [eyesofgods1's ghost (6)]
  5453 | D:7      | HP: 1/82 [eyesofgods1's ghost (20)]
  5454 | D:7      | Demolished by eyesofgods1's ghost

Vault maps used:
D:1:      dpeg_arrival_rooms_with_view
D:4:      lemuel_doored_altar, first_ration, minmay_misc_feat_square,
          nemelex_lonely_heart_becter, uniq_duvessa
D:5:      ebering_ghost_inner_flame
D:6:      minmay_temple_entry_statues, uniq_blork_the_orc
D:7:      kennysheep_steamy, grunt_temple_overflow_open, serial_shops, shop,
          gammafunk_ghost_smash, grunt_livestock

Skill      XL: |  1  2  3  4  5  6  7  8  9 |
---------------+----------------------------+-----
Fighting       | 3 4 5 |  5.7
Axes           | 3 4 5 6 7 8 10 | 10.1
Dodging        | 1 2 3 4 |  4.9
Shields        | 4 5 6 8 |  8.3
Stealth        | 1 2 |  2.9
Armour         | 4 |  4.7

Action                   |  1- 3 |  4- 6 |  7- 9 || total
-------------------------+-------+-------+-------++-------
Melee: War axe           |   123 |   127 |   382 ||   632
 Abil: Heal Wounds       |     1 |     5 |    24 ||    30
  Use: Scroll            |       |       |     9 ||     9
 Stab: Sleeping          |       |     1 |     2 ||     3
  Eat: Chunk             |     2 |     4 |     6 ||    12
       Ration            |       |       |     1 ||     1
Armor: Scale mail        |    22 |       |       ||    22
       Leather armour    |    26 |    40 |    71 ||   137
Dodge: Dodged            |    37 |    53 |   117 ||   207
Block: Shield            |    59 |    63 |    43 ||   165
       Large shield      |       |       |   292 ||   292

Table legend:
 A = Spawn XP
 B = Non-spawn XP
 C = Spawn XP percentage of total XP
 D = Spawn monster count
 E = Non-spawn monster count
 F = Spawn count percentage of total count
 G = Total turns spent on level
                    A         B        C        D         E        F      G
               +---------+---------+-------+---------+---------+-------+---------
         Total |       0 |    5086 |   0.0 |       0 |     133 |   0.0 |  5454
               +---------+---------+-------+---------+---------+-------+---------
           D:1 |       0 |      27 |   0.0 |       0 |      15 |   0.0 |   861
           D:2 |       0 |      23 |   0.0 |       0 |      12 |   0.0 |   480
           D:3 |       0 |     108 |   0.0 |       0 |      21 |   0.0 |   711
           D:4 |       0 |     686 |   0.0 |       0 |      15 |   0.0 |   821
           D:5 |       0 |     458 |   0.0 |       0 |      19 |   0.0 |   578
           D:6 |       0 |     960 |   0.0 |       0 |      18 |   0.0 |   953
           D:7 |       0 |    2824 |   0.0 |       0 |      33 |   0.0 |  1050
               +---------+---------+-------+---------+---------+-------+---------
